 Dungeon Crawl Stone Soup version 0.23.2-40-g277498a001 (webtiles) character file.

Game seed: 3826686371838028765

817 Martska the Ducker (level 7, -1/55 HPs)
             Began as a Merfolk Ice Elementalist on Oct 3, 2019.
             Was a Follower of Okawaru.
             Slain by a wight
             ... wielding a +5 spear of freezing
              (4 damage)
             ... on level 5 of the Dungeon.
             The game lasted 00:32:12 (8726 turns).

Martska the Ducker (Merfolk Ice Elementalist)       Turns: 8726, Time: 00:32:13

Health: -1/55      AC:  3    Str:  8    XL:     7   Next: 94%
Magic:  11/11      EV: 13    Int: 15    God:    Okawaru [*.....]
Gold:   263        SH:  0    Dex: 16    Spells: 6/12 levels left

rFire    . . .     SeeInvis .   i - +1 spear
rCold    . . .     Gourm    .   (no shield)
rNeg     . . .     Faith    .   g - +0 leather armour
rPois    .         Spirit   .   (no helmet)
rElec    .         Reflect  .   (no cloak)
rCorr    .         Harm     .   (no gloves)
MR       .....                  (no boots)
Stlth    ++........             (no amulet)
HPRegen  0.18/turn              (no ring)
MPRegen  0.12/turn              (no ring)

@: heavily drained
A: change form in water, swift swim, stealthy swim
a: Heroism, Renounce Religion


You were on level 5 of the Dungeon.
You worshipped Okawaru.
Okawaru was aware of your devotion.
You were not hungry.

You visited 2 branches of the dungeon, and saw 7 of its levels.

You collected 263 gold pieces.

Inventory:

Hand Weapons
 e - a +0 whip
 f - a +1 short sword
 i - a +1 spear (weapon)
 l - a +0 trident
 x - a +4 quarterstaff of chaos
 y - a +0 quarterstaff
Armour
 a - a +0 robe
 g - a +0 leather armour (worn)
 h - +0 ice dragon scales
Jewellery
 k - an uncursed ring of stealth
 v - an uncursed ring of attention
Wands
 p - a wand of polymorph (6)
 u - a wand of paralysis (9)
Scrolls
 d - 6 scrolls of identify
 j - 4 scrolls of remove curse
 n - a scroll of fear
 q - 2 scrolls of enchant weapon
 s - a scroll of magic mapping {unknown}
 t - 3 scrolls of brand weapon {unknown}
 z - a scroll of teleportation {unknown}
 A - a scroll of immolation {unknown}
Potions
 b - a potion of ambrosia
 m - 2 potions of curing {unknown}
 o - a potion of agility {unknown}
 r - 2 potions of heal wounds {unknown}
 w - a potion of flight {unknown}
Comestibles
 c - 3 rations


   Skills:
 * Level 4.3(2.2) Fighting
 * Level 4.7(2.6) Polearms
 * Level 6.0(3.8) Dodging
 + Level 4.1(2.0) Stealth
 + Level 3.2(1.2) Spellcasting
 - Level 0.7(0.0) Conjurations
 + Level 4.6(2.5) Ice Magic


You had 6 spell levels left.
You knew the following spells:

 Your Spells              Type           Power        Failure   Level  Hunger
a - Freeze                Ice            #...         13%         1    ##.....
b - Throw Frost           Conj/Ice       #.....       32%         2    ###....
c - Ozocubu's Armour      Chrm/Ice       #.......     54%         3    ####...

Your spell library contained the following spells:

 Spells                   Type           Power        Failure   Level  Hunger
 Ensorcelled Hibernation  Hex/Ice        #.....       32%         2    ###....
 Beastly Appendage        Tmut           #.....       34%         1    ##.....
 Corona                   Hex            #......      34%         1    ##.....
 Sticks to Snakes         Tmut           #.......     47%         2    ###....
 Confuse                  Hex            #.......     71%         3    ####...
 Dazzling Spray           Conj/Hex       #.....       71%         3    ####...
 Spider Form              Tmut/Pois      #.........   71%         3    ####...
 Tukima's Dance           Hex            #.......     71%         3    ####...
 Ice Form                 Ice/Tmut       #.......     91%         4    #####..
 Summon Ice Beast         Ice/Summ       #.......     91%         4    #####..
 Throw Icicle             Conj/Ice       #.......     91%         4    #####..
 Blade Hands              Tmut           #.........   100%        5    ######.


Dungeon Overview and Level Annotations

Branches:
Dungeon (6/15)             Temple (1/1) D:4

Altars:
Cheibriados
Gozag
Hepliaklqana
Makhleb
Nemelex Xobeh
Okawaru
Qazlal
Ru
Sif Muna
Trog
Uskayaw
Vehumet
Wu Jian
Xom
Zin

Annotations:
D:6 2 transporters, bildradio's ghost, novice MiBe


Message History

The wight is moderately damaged.
The wight hits you with a cursed +0 scimitar.
The wight misses you. The wight hits you with a +5 mace.
You feel drained.
You hit the wight but do no damage.
The wight is moderately damaged.
The wight barely misses you.
The wight hits you with a +5 spear of freezing.
The wight freezes you. The wight misses you.
You hit the wight but do no damage.
The wight is moderately damaged.
The wight closely misses you.
The wight hits you with a cursed +0 scimitar!
* * * LOW HITPOINT WARNING * * *
You feel drained.
* * * LOW HITPOINT WARNING * * *
The wight hits you but does no damage.
The wight hits you with a +5 spear of freezing!
* * * LOW HITPOINT WARNING * * *
The wight freezes you.
You die...

#.# #.# #.# #.# #.#
#.# #.# #.# #.# #.#
#.# ######.# ## #.#
#......# >#
#.########z####.#
.# #.......z@z# #.#
.#######..#########
#.## ..........#
#..# .########.#
##.# .# #.# #.# .#
#.# #.# .# #.# #.#
.# #.# #.# ## #.#
#<#


You could see 3 wights.

Vanquished Creatures
  An ogre (D:4)
  A bullfrog (D:6)
  A scorpion (D:4)
  A wight (D:6)
  A crimson imp (D:4)
  2 bullfrog zombies
  2 hounds
  An orc wizard (D:6)
  A jelly (D:5)
  Crazy Yiuf (D:5)
  An orc priest (D:6)
  3 worker ants
  A hound zombie (D:5)
  A worker ant zombie (D:5)
  4 gnolls (D:3)
  6 adders
  An adder skeleton (D:4)
  3 worms
  2 dart slugs
  A leopard gecko (D:5)
  9 orcs
  A ball python (D:3)
  7 bats
  6 giant cockroaches
  5 goblins
  6 hobgoblins
  13 jackals
  2 quokkas (D:3)
  2 frilled lizards
  7 kobolds
  9 rats
102 creatures vanquished.

Notes
Turn   | Place    | Note
-------+----------+-------------------------------------------
     0 | D:1      | Martska the Merfolk Ice Elementalist began the quest for
                  | the Orb.
     0 | D:1      | Reached XP level 1. HP: 13/13 MP: 3/3
   206 | D:1      | Reached XP level 2. HP: 20/20 MP: 5/5
   233 | D:1      | Reached skill level 3 in Dodging
   294 | D:1      | Reached skill level 1 in Fighting
   395 | D:1      | You fall through a shaft!
   835 | D:2      | Reached XP level 3. HP: 14/26 MP: 4/6
  1967 | D:2      | Learned a level 2 spell: Throw Frost
  1971 | D:2      | Learned a level 3 spell: Ozocubu's Armour
  2518 | D:3      | Reached XP level 4. HP: 19/33 MP: 0/7
  3043 | D:3      | Reached skill level 4 in Dodging
  3049 | D:3      | Reached skill level 1 in Polearms
  3524 | D:3      | Reached XP level 5. HP: 38/39 MP: 8/8
  4693 | D:4      | Found a staircase to the Ecumenical Temple.
  4707 | Temple   | Entered the Ecumenical Temple
  4828 | Temple   | Became a worshipper of Warmaster Okawaru
  5280 | D:4      | Reached XP level 6. HP: 39/46 MP: 9/9
  5964 | D:5      | Entered Level 5 of the Dungeon
  6038 | D:5      | Noticed a phantom
  6089 | D:5      | Reached skill level 5 in Dodging
  6512 | D:4      | Reached * piety under Okawaru
  6512 | D:4      | Reached XP level 7. HP: 51/52 MP: 0/11
  7251 | D:5      | Found an opulent altar of Gozag.
  7709 | D:5      | Found a runed translucent door.
  7710 | D:5      | Noticed Crazy Yiuf
  7718 | D:5      | Killed Crazy Yiuf
  8033 | D:6      | Noticed bildradio's ghost (novice MiBe)
  8034 | D:6      | Found a transporter.
  8096 | D:6      | Found a transporter.
  8596 | D:6      | Reached skill level 6 in Dodging
  8726 | D:5      | Slain by a wight

Skill      XL: |  1  2  3  4  5  6  7 |
---------------+----------------------+-----
Dodging        | 3 4 5 6 |  6.0
Fighting       | 1 2 3 4 |  4.3
Polearms       | 1 2 3 4 |  4.7
Stealth        | 3 4 |  4.1
Ice Magic      | 4 |  4.6
Spellcasting   | 3 |  3.2
Conjurations   | |  0.7

Action                   |  1- 3 |  4- 6 |  7- 9 || total
-------------------------+-------+-------+-------++-------
Melee: Whip              |    26 |       |       ||    26
       Unarmed           |     7 |       |       ||     7
       Short sword       |    66 |       |       ||    66
       Spear             |       |   154 |   109 ||   263
 Cast: Freeze            |    34 |    59 |    35 ||   128
       Throw Frost       |       |    13 |    24 ||    37
  Use: Scroll            |     5 |     2 |     1 ||     8
 Stab: Sleeping          |     1 |    11 |       ||    12
  Eat: Chunk             |     3 |       |       ||     3
       Ration            |     1 |     4 |     3 ||     8
Armor: Robe              |    19 |       |       ||    19
       Leather armour    |    29 |    33 |    20 ||    82
Dodge: Dodged            |   115 |   138 |   102 ||   355
